 Dungeon Crawl Stone Soup version 0.28-a0-909-g796cbd3a86 (webtiles) character file.

Game seed: 10223558631176989558

818 Majang the Poker (level 8, -8/93 HPs)
             Began as a Human Berserker on Nov 25, 2021.
             Was a Priest of Trog.
             Mangled by Pikel (19 damage)
             ... on level 6 of the Dungeon.
             The game lasted 00:16:50 (5703 turns).

Majang the Poker (Human Berserker)                  Turns: 5703, Time: 00:16:51

Health: -8/93      AC: 13    Str: 26    XL:     8   Next: 16%
Magic:  8/8        EV:  8    Int:  8    God:    Trog [***...]
Gold:   120        SH:  0    Dex: 12    Spells: 7/7 levels left

rFire   . . .      SeeInvis .   a - +0 halberd
rCold   . . .      Faith    .   (shield currently unavailable)
rNeg    . . .      Spirit   .   q - +0 plate armour
rPois   +          Reflect  .   (no helmet)
rElec   .          Harm     .   (no cloak)
rCorr   .          Rampage  .   k - +0 pair of gloves
Will    .....                   p - +0 pair of boots
Stlth   ..........              (no amulet)
HPRegen 0.25/turn               e - +6 ring of strength
MPRegen 0.11/turn               y - ring of poison resistance

@: berserking (expiring), very quick
A: no striking features
a: Renounce Religion, Berserk, Trog's Hand


You were on level 6 of the Dungeon.
You worshipped Trog.
Trog was most pleased with you.
You visited 2 branches of the dungeon, and saw 7 of its levels.

You collected 237 gold pieces.
You spent 117 gold pieces at shops.

Inventory:

Hand Weapons
 a - a +0 halberd (weapon)
 u - a +0 trident
Missiles
 w - 87 bolts
Armour
 k - a +0 pair of gloves (worn)
 n - a +0 ring mail
 p - a +0 pair of boots (worn)
 q - a +0 plate armour (worn)
Jewellery
 e - a +6 ring of strength (left hand)
 v - a ring of positive energy
 y - a ring of poison resistance (right hand)
Wands
 o - a wand of iceblast (20)
Scrolls
 f - a scroll of enchant armour {unknown}
 g - 9 scrolls of identify {unknown}
 h - 2 scrolls of amnesia {unknown}
 i - 2 scrolls of teleportation {unknown}
 j - 3 scrolls of blinking {unknown}
 l - a scroll of immolation {unknown}
 s - 2 scrolls of vulnerability {unknown}
 x - 2 scrolls of fear {unknown}
 z - a scroll of enchant weapon {unknown}
Potions
 b - 3 potions of lignification {unknown}
 c - a potion of resistance {unknown}
 d - 2 potions of brilliance {unknown}
 m - 2 potions of curing
 r - a potion of heal wounds
 t - a potion of magic {unknown}
 A - a potion of mutation {unknown}
 B - a potion of haste


   Skills:
 + Level 5.1 Fighting
 * Level 6.8 Polearms
 + Level 3.1 Armour
 + Level 3.2 Dodging
 + Level 2.0 Evocations


You had 7 spell levels left.
You didn't know any spells.
Your spell library was empty.

Dungeon Overview and Level Annotations

Branches:
Dungeon (6/15)             Temple (1/1) D:5

Altars:
Ashenzari
Cheibriados
Gozag
Makhleb
Sif Muna
Lugonu

Shops:
D:1 !   D:4 *

Portals:
Abyss: D:4

Annotations:
D:4 2 transporters
D:6 Pikel


Message History

You closely miss Pikel.
Pikel is moderately wounded.
The lemure hits you but does no damage. x2
You closely miss Pikel.
Pikel is moderately wounded.
Pikel barely misses you.
You closely miss Pikel.
Pikel is moderately wounded.
The lemure barely misses you. The lemure hits you but does no damage.
Pikel hits you with a +1 whip of electrocution.
You are electrocuted!!
* * * LOW HITPOINT WARNING * * *
You closely miss Pikel.
Pikel is moderately wounded.
The lemure hits you but does no damage. The lemure hits you.
* * * LOW HITPOINT WARNING * * *
Pikel completely misses you.
You are too berserk!
You barely miss Pikel.
Pikel is moderately wounded.
The lemure hits you.
* * * LOW HITPOINT WARNING * * *
The lemure closely misses you.
You closely miss Pikel.
Pikel is moderately wounded.
Pikel hits you but does no damage.
The lemure hits you but does no damage. x2
You hit Pikel.
Pikel is heavily wounded.
Pikel barely misses you.
You barely miss Pikel.
Pikel is heavily wounded.
The lemure hits you but does no damage. x2; Pikel closely misses you.
Your plate armour prevents you from hitting Pikel.
Pikel is heavily wounded.
The lemure hits you but does no damage. x2
Pikel says, "You'll make a fine lemure."
Pikel hits you with a +1 whip of electrocution.
* * * LOW HITPOINT WARNING * * *
You are electrocuted!!
You die...

########.................
.........................
.........≈≈≈≈≈≈≈≈........
.........≈.......≈...)...
.........≈.≈≈≈≈≈.≈.##..##
.........≈.≈....5≈.# .>#
.........≈.§._.≈5≈.# ##
.........≈.≈...≈5≈.#
.........≈.≈≈≈≈§@≈.#
.........≈....§K5≈.#
.........≈≈≈≈≈§§≈≈.#
...............§...#
########..#.########
#..#.# #.<#.# #.##.#
#....#


You could see Pikel and 4 lemures.

Vanquished Creatures
  Sigmund (D:2)
  A centaur (D:5)
  A phantom (Temple)
  A scorpion (D:4)
  A bullfrog zombie (D:6)
  2 hounds
  A gnoll shaman (D:5)
  2 iguanas (D:5)
  An orc wizard (D:3)
  2 howler monkey skeletons
  7 gnolls
  3 adders
  A shadow imp (D:4)
  2 adder skeletons (D:4)
  4 worms
  4 dart slugs
  8 orcs
  7 ball pythons
  3 endoplasms
  A giant cockroach (D:1)
  5 goblins
  8 hobgoblins
  6 jackals
  7 kobolds
  2 quokkas
  5 bats
  3 frilled lizards (D:1)
  9 rats
98 creatures vanquished.

Notes
Turn   | Place    | Note
-------+----------+-------------------------------------------
     0 | D:1      | Majang the Human Berserker began the quest for the Orb.
     0 | D:1      | Reached XP level 1. HP: 18/18 MP: 1/1
   135 | D:1      | Reached XP level 2. HP: 22/24 MP: 2/2
   344 | D:1      | Reached XP level 3. HP: 17/29 MP: 3/3
   617 | D:1      | Found Byso's Distillery.
   624 | D:1      | Bought a potion of degeneration for 13 gold pieces
   862 | D:1      | Reached skill level 4 in Polearms
   864 | D:1      | Reached ** piety under Trog
  1660 | D:2      | Noticed Sigmund
  1671 | D:2      | Killed Sigmund
  1672 | D:2      | Reached skill level 5 in Polearms
  1672 | D:2      | Reached XP level 4. HP: 28/38 MP: 4/4
  1672 | D:2      | Reached XP level 5. HP: 31/43 MP: 5/5
  1672 | D:2      | Reached XP level 6. HP: 35/49 MP: 6/6
  2859 | D:3      | Found a snail-covered altar of Cheibriados.
  3249 | D:3      | Found a faded altar of an unknown god.
  3510 | D:1      | Bought a potion of curing for 39 gold pieces
  3510 | D:1      | Bought a potion of heal wounds for 65 gold pieces
  3650 | D:4      | Reached skill level 6 in Polearms
  3668 | D:4      | Found a transporter.
  3689 | D:4      | Found a transporter.
  3719 | D:4      | Reached XP level 7. HP: 37/55 MP: 7/7
  3775 | D:4      | Reached *** piety under Trog
  3846 | D:5      | Entered Level 5 of the Dungeon
  3925 | D:5      | Found a staircase to the Ecumenical Temple.
  3942 | Temple   | Entered the Ecumenical Temple
  3949 | Temple   | Reached skill level 1 in Evocations
  4959 | D:5      | Reached skill level 5 in Fighting
  5025 | D:5      | Reached XP level 8. HP: 59/62 MP: 8/8
  5113 | D:4      | Found an opulent altar of Gozag.
  5120 | D:4      | Found Gozag's Platinum Reserve.
  5258 | D:4      | Found a one-way gate to the infinite horrors of the Abyss.
  5258 | D:4      | Found a corrupted altar of Lugonu.
  5600 | D:6      | Found a broken altar of Ashenzari.
  5653 | D:6      | Noticed Pikel
  5703 | D:6      | Mangled by Pikel

Illustrated notes

Levels and vault maps discovered:
D:1:      minmay_arrival_doors, layout_loops_ring, serial_shops, shop,
          minmay_octomino_e4
D:2:      layout_loops_corners, serial_park_tiny_2, kennysheep_generic_room_6,
          uniq_sigmund
D:3:      layout_rooms, cheibriados_altar_1, dilly_ecumenical_altar_fadedgnrine,
          kennysheep_generic_room_7
D:4:      gammafunk_steamed_eel, layout_gridville,
          nicolae_gozag_zags_fifth_avenue, amcnicky_altar_lugonu_corruption
D:5:      layout_loops_corners, minmay_temple_entry_tees
D:6:      layout_basic, mainiacjoe_overflow_concentric_impassable, uniq_pikel,
          uniq_menkaure
Temple:   dpeg_chambers_temple

Skill      XL: |  1  2  3  4  5  6  7  8 |
---------------+-------------------------+-----
Polearms       | 5 6 |  6.8
Fighting       | 4 5 |  5.1
Evocations     | 1 2 |  2.0
Dodging        | 3 |  3.2
Armour         | 3 |  3.1

Action                   |  1- 3 |  4- 6 |  7- 9 || total
-------------------------+-------+-------+-------++-------
Melee: Spear             |   129 |    88 |       ||   217
       Halberd           |       |    59 |   107 ||   166
Invok: Berserk           |     1 |       |     2 ||     3
Evoke: Wand              |       |     1 |       ||     1
 Stab: Sleeping          |     1 |     1 |       ||     2
Armor: Animal skin       |    21 |       |       ||    21
       Plate armour      |       |    40 |    92 ||   132
       Ring mail         |       |     8 |       ||     8
Dodge: Dodged            |    59 |    50 |    52 ||   161

Table legend: (Time is in decaauts)
 A = Elapsed time spent in this place.
 B = Non-inter-level travel time spent in this place.
 C = Inter-level travel time spent in this place.
 D = Time resting spent in this place.
 E = Time spent auto-exploring this place.
 F = Levels seen in this place.
 G = Mean time per level.
                   A        B        C        D        E       F      G
               +--------+--------+--------+--------+--------+-----+--------+
         Total |   5726 |   5553 |    173 |   1501 |   3000 |   7 |  818.0 |
       Dungeon |   5424 |   5251 |    173 |   1216 |   3000 |   6 |  904.0 |
        Temple |    302 |    302 |      0 |    284 |      0 |   1 |  302.0 |
               +--------+--------+--------+--------+--------+-----+--------+

Top non-repeatable levels by time:
     D:2: 1256 daAuts
     D:1: 1253 daAuts
     D:5: 1197 daAuts
     D:3: 1068 daAuts
     D:4: 543 daAuts
  Temple: 302 daAuts
     D:6: 104 daAuts
